AoeStats
← JamesNewstedd

Coastal Forest

510535617Analyzed
4v4 RM · 12h ago on Oct 1, 2026· 74m 4s· 8 players
Game mode
Random Map
Map size
Large (8 player)
Population
200
Speed
Normal
Resources
Standard
Victory
Conquest
Starting age
Dark Age
Ending age
Imperial Age
RankedLock teamsTeams togetherTeam positionsShared explorationLock speedFull tech treeHidden civsTurbo modeCheats
Victory
Defeat
🇩🇪 Tupi · Germany
1638
+12
🇩🇪 Japanese · Germany
1589
+14
🇩🇪 Khmer · Germany
1480
+19
🇩🇪 Franks · Germany
1202
+28
🇹🇼 Portuguese · Taiwan
1561
-19
🇨🇭 Bengalis · Switzerland
1548
-18
🇭🇰 Saxons · Hong Kong SAR China
1546
-19
🇳🇱 Hindustanis · Netherlands
1489
-17
Sunny Day
8:38 Loom
11:04 Feudal Age
14:56 Castle Age
14:43 Scale Barding Armor
14:49 Bloodlines
21:24 Double-Bit Axe
23:17 Forging
26:25 Chain Barding Armor
26:37 Gold Mining
26:42 Horse Collar
29:27 Bow Saw
31:12 Husbandry
32:45 Iron Casting
33:01 Wheelbarrow
32:33 Fishing Lines
34:57 Gillnets
36:16 Hand Cart
37:57 Caravan
41:12 Imperial Age
40:53 Padded Archer Armor
41:43 Ballistics
41:11 Light Cavalry
43:05 Chemistry
43:02 Leather Archer Armor
42:12 Pikeman
42:53 Scale Mail Armor
43:53 Blast Furnace
47:21 Arquebus
48:36 Chain Mail Armor
49:16 Halberdier
51:00 Plate Mail Armor
52:06 Plate Barding Armor
52:03 Ring Archer Armor
52:46 Crossbowman
53:32 Thumb Ring
54:06 Conscription
56:31 Two-Man Saw
55:32 Heavy Plow
55:24 Stone Mining
56:02 Elite Skirmisher
56:17 Arbalester
57:35 Guilds
63:02 Man-at-Arms
63:28 Gambesons
63:28 Arson
63:29 Long Swordsman
64:08 Two-Handed Swordsman
64:40 Cavalier
64:54 Champion
66:40 Plate Barding Armor
68:28 Crop Rotation
Tiekel
6:53 Loom
10:00 Feudal Age
10:46 Double-Bit Axe
13:08 Fishing Lines
16:00 Fletching
18:20 Castle Age
17:10 Gold Mining
19:13 Medium Warships
19:04 Bodkin Arrow
19:43 Gillnets
21:48 Wheelbarrow
21:27 Bow Saw
22:24 Horse Collar
26:09 Town Watch
28:13 Forging
29:04 Hand Cart
30:04 Heavy Plow
29:57 Stone Mining
30:43 Gold Shaft Mining
32:33 Scale Barding Armor
35:21 Imperial Age
33:38 Chain Barding Armor
33:54 Iron Casting
35:05 Bloodlines
34:56 Husbandry
35:24 Heavy Camel Rider
36:40 Plate Barding Armor
37:06 Blast Furnace
37:07 Two-Man Saw
36:21 Caravan
38:02 Chemistry
36:49 Imperial Camel Rider
38:14 Stone Shaft Mining
38:12 Masonry
39:06 Ballistics
38:47 Bracer
41:14 Light Cavalry
42:30 Fervor
45:53 Murder Holes
45:51 Hussar
49:58 Siege Engineers
56:20 Conscription
56:38 Hoardings
56:13 Grand Trunk Road
Yan
5:45 Loom
8:31 Feudal Age
10:00 Double-Bit Axe
13:57 Fletching
19:19 Padded Archer Armor
27:10 Castle Age
26:00 Horse Collar
27:47 Bodkin Arrow
27:16 Crossbowman
28:55 Bow Saw
30:05 Ballistics
30:21 Leather Archer Armor
35:19 Wheelbarrow
36:14 Stone Mining
36:17 Gold Mining
39:31 Imperial Age
37:25 Thumb Ring
38:19 Heavy Plow
40:39 Hand Cart
40:59 Bracer
40:27 Arbalester
42:13 Chemistry
41:20 Arbalester
43:07 Squires
43:08 Scale Mail Armor
43:18 Forging
44:25 Chain Mail Armor
43:32 Pikeman
44:33 Halberdier
46:25 Plate Mail Armor
46:30 Iron Casting
46:39 Arson
48:14 Iron Casting
48:12 Caravan
48:24 Elite Varangian Guard
51:23 Gambesons
52:33 Capped Ram
55:10 Siege Ram
56:49 Conscription
58:12 Shield Wall
59:52 Masonry
64:49 Onager
65:00 Heavy Scorpion
65:58 Siege Engineers
koebi
7:32 Loom
10:01 Feudal Age
10:34 Double-Bit Axe
10:30 Horse Collar
17:00 Scale Barding Armor
17:29 Forging
21:54 Castle Age
20:53 Gold Mining
22:02 Fletching
23:10 Bloodlines
23:39 Bodkin Arrow
24:28 Padded Archer Armor
26:24 Bow Saw
32:48 Wheelbarrow
32:47 Ballistics
33:24 Heavy Plow
34:00 Leather Archer Armor
40:35 Imperial Age
40:03 Hand Cart
41:45 Paiks
41:54 Bracer
42:55 Chemistry
42:42 Conscription
42:59 Elite Elephant Archer
45:46 Ring Archer Armor
44:39 Elite Skirmisher
46:55 Two-Man Saw
46:26 Crop Rotation
45:47 Stone Mining
46:41 Caravan
50:09 Gold Shaft Mining
50:34 Guilds
53:33 Coinage
59:17 Banking
61:14 Town Watch
61:56 Mahayana
64:17 Guard Tower
64:36 Siege Engineers
66:10 Keep
65:21 Arrowslits
66:31 Masonry
66:17 Murder Holes
69:15 Light Cavalry
69:55 Husbandry
72:18 Chain Barding Armor
71:21 Light Cavalry
73:33 Plate Barding Armor
74:09 Iron Casting
Scol1ng
5:40 Loom
8:38 Feudal Age
9:51 Double-Bit Axe
12:42 Fletching
17:26 Padded Archer Armor
22:32 Scale Mail Armor
27:25 Castle Age
26:46 Gold Mining
26:38 Horse Collar
26:53 Stone Mining
27:29 Crossbowman
28:04 Bodkin Arrow
30:05 Ballistics
33:11 Wheelbarrow
33:48 Town Watch
37:17 Bow Saw
37:07 Elite Skirmisher
52:07 Imperial Age
52:50 Bracer
53:43 Leather Archer Armor
55:08 Ring Archer Armor
55:45 Chemistry
59:07 Conscription
61:47 Hand Cart
64:31 Elite Blackwood Archer
67:48 Two-Man Saw
67:27 Curare
73:13 Forging
73:19 Chain Mail Armor
74:04 Caravan
74:14 Heavy Plow
Öl1ng
7:07 Loom
9:25 Feudal Age
9:54 Double-Bit Axe
12:31 Horse Collar
16:25 Scale Barding Armor
17:31 Forging
19:48 Wheelbarrow
22:28 Castle Age
20:50 Gold Mining
21:24 Bloodlines
21:54 Forging
23:43 Bow Saw
23:59 Chain Barding Armor
28:58 Iron Casting
29:55 Husbandry
30:13 Town Watch
31:19 Fletching
38:13 Imperial Age
35:59 Hand Cart
35:57 Stone Mining
36:14 Heavy Plow
38:18 Cavalier
40:03 Blast Furnace
42:54 Two-Man Saw
41:32 Pikeman
42:13 Squires
41:58 Arson
42:13 Scale Mail Armor
42:09 Bodkin Arrow
42:15 Halberdier
43:47 Chain Mail Armor
43:32 Bracer
45:13 Plate Mail Armor
44:44 Bracer
46:54 Onager
47:56 Siege Engineers
48:54 Chemistry
51:24 Caravan
56:13 Padded Archer Armor
56:39 Ballistics
56:30 Masonry
57:14 Thumb Ring
56:33 Elite Skirmisher
57:34 Leather Archer Armor
59:36 Ring Archer Armor
61:23 Hoardings
70:16 Man-at-Arms
70:42 Gambesons
71:55 Capped Ram
72:01 Long Swordsman
72:57 Two-Handed Swordsman
73:44 Champion
Gescheiterte Existenz
11:05 Feudal Age
14:51 Castle Age
14:19 Loom
14:46 Fishing Lines
18:43 Double-Bit Axe
20:21 Bow Saw
20:38 Medium Warships
26:11 Wheelbarrow
26:05 Scale Barding Armor
27:17 Gillnets
28:02 Chain Barding Armor
27:53 Forging
28:21 Hand Cart
28:46 Husbandry
30:29 Iron Casting
30:19 Gold Mining
30:20 Stone Mining
33:55 Gold Shaft Mining
36:04 Imperial Age
33:41 Town Watch
36:08 Cavalier
37:28 Plate Barding Armor
37:54 Blast Furnace
37:38 Paladin
38:53 Conscription
47:28 Hoardings
48:34 Light Cavalry
49:27 Caravan
50:03 Scale Mail Armor
49:53 Fletching
50:07 Scale Mail Armor
57:20 Chemistry
56:32 Fortified Wall
56:28 Siege Engineers
56:48 Ballistics
57:28 Chemistry
56:34 Siege Engineers
56:10 Treadmill Crane
56:40 Masonry
56:32 Bodkin Arrow
56:52 Chain Mail Armor
57:01 Town Patrol
63:11 Squires
62:56 Arson
64:11 Pikeman
66:36 Chain Mail Armor
69:49 Halberdier
71:49 Plate Mail Armor
71:20 Padded Archer Armor
JamesNewstedd
12:00 Feudal Age
15:12 Castle Age
13:08 Double-Bit Axe
13:32 Fishing Lines
16:40 Bow Saw
22:18 Medium Warships
22:52 Horse Collar
29:34 Scale Barding Armor
30:06 Gold Mining
30:35 Husbandry
30:45 Bloodlines
32:40 Chain Barding Armor
32:31 Forging
34:14 Wheelbarrow
37:08 Imperial Age
35:22 Iron Casting
37:16 Light Cavalry
39:27 Gold Shaft Mining
38:24 Elite Battle Elephant
39:50 Heavy Plow
39:47 Gillnets
41:27 Hand Cart
43:15 Plate Barding Armor
43:58 Hussar
47:54 Blast Furnace
48:55 Coinage
48:29 Caravan
49:41 Fletching
52:04 Banking
52:35 Clinker Construction
52:39 Masonry
52:54 Conscription
52:39 Tusk Swords
55:07 Hoardings
55:18 Bodkin Arrow
56:40 Carvel Hull
65:21 Crop Rotation
Connection lost

Rejoining the realm…

Still unreachable

The connection could not be restored.

Session expired

The server has moved on; the page needs a fresh start.